[Event "Early-Titled-Tuesday-Blitz-January-30-2024"]
[Site "Chess.com"]
[Date "2024.01.30"]
[Round "7"]
[White "Shuvalov"]
[Black "Crazy_girl99"]
[Result "0-1"]
[WhiteElo "2465"]
[BlackElo "2619"]
[TimeControl "180+1"]
[EndTime "9:18:39 PST"]
[Termination "Crazy_girl99 won on time"]

1. d4 Nf6 2. c4 e6 3. Nc3 Bb4 4.
f3 d5 5. a3 Be7 6. cxd5 exd5 7. e3 O-O 8. Bd3 c5 9. Nge2 Nc6 10. dxc5 Bxc5 11. b4 Bb6 12. b5 Ne5 13. Nd4 Re8 14. O-O Bd7 15. a4 Rc8 16. Nce2 h6 17. Kh1 Nh5 18. Ra3 Qh4 19. Qe1 Qxe1 20.
Rxe1 Bc5 21. Rb3 Nc4 22. Bb1 a6 23. Kg1 Nf6 24. Kf2 axb5 25. axb5 Ra8 26. Rd1 Ra1 27.
Bd2 Rea8 28. Ke1 Nd6 29. Bc2 Rxd1+ 30. Bxd1 Ra1 31. Nc2 Ra2 32. Ned4 Nc4 33. Bc1 Ne8 0-1

[Event "Early-Titled-Tuesday-Blitz-January-30-2024"]
[Site "Chess.com"]
[Date "2024.01.30"]
[Round "7"]
[White "YairParkhov"]
[Black "artin10862"]
[Result "0-1"]
[WhiteElo "2678"]
[BlackElo "2862"]
[TimeControl "180+1"]
[EndTime "9:18:41 PST"]
[Termination "artin10862 won by checkmate"]

1. e4 c5 2. Nf3 e6 3. d4 cxd4 4. Bg5 f6 5. Bd2 Nc6 6. c3 dxc3 7. Nxc3 Bc5 8. Bd3 Nge7 9. O-O Ng6 10. Qe2 O-O 11. Rad1 a6 12. h4 Qc7 13. h5 Nf4 14.
Bxf4 Qxf4 15. Qc2 d6 16. a3 Bd7 17. b4 Ba7 18. e5 Nxe5 19. Bxh7+ Kh8 20. Nxe5 Qxe5 21.
Ne4 f5 22. Ng5 Qf6 23. Qd2 Bc6 24. Bg6 Qe5 25. h6 Qg3 26. hxg7+ Kxg7 27. Nxe6+ Kxg6 28. Nf4+ Kh7 29. Qxd6 Rg8 30. Qe7+ Rg7 31. Qe5 Rf8 32. Rd3 Qxg2+ 33. Nxg2 Rxg2+ 34. Kh1 Rxf2+ 35. Kg1 Rg2+ 36. Kh1 Re2+ 37. Qd5 Bxd5+ 38. Rxd5 Kg6 39. b5 Rh8# 0-1

[Event "Early-Titled-Tuesday-Blitz-January-30-2024"]
[Site "Chess.com"]
[Date "2024.01.30"]
[Round "7"]
[White "OneTrickPony_82"]
[Black "diamonds13"]
[Result "0-1"]
[WhiteElo "2503"]
[BlackElo "2361"]
[TimeControl "180+1"]
[EndTime "9:18:42 PST"]
[Termination "diamonds13 won by checkmate"]

1. d4 Nf6 2. c4 e6 3. Nf3 b6 4. g3 Ba6 5. Qc2 c5 6. d5 Bb7 7. Nc3 d6 8. Bg2 exd5 9. Nh4 g6 10. Bg5 Be7 11. Bh6 Nbd7 12. cxd5 a6 13. e4 b5 14. O-O Ng4 15. Bc1 Bxh4 16. gxh4 Qxh4 17. h3 Nge5 18. f4 Nc4 19. b3 Ncb6 20. Bb2 f6 21. a4 b4 22. Nd1 a5 23. Ne3 Ba6 24.
Rf2 O-O-O 25. Re1 Rde8 26. Qd1 Re7 27. Qg4 Qxg4 28. hxg4 Rhe8 29. Rc2 Bd3 30. Rcc1 Bxe4 31. Bh3 Kc7 32. Kf2 Nxd5 33. Nc4 Nxf4 34. Bf1 Bd3 35. Red1 Bxf1 36. Kxf1 Re2 37. Nxd6 R8e3 38. Bd4 Rf3+ 39.
Kg1 Rg2+ 40. Kh1 Rh3# 0-1

[Event "Early-Titled-Tuesday-Blitz-January-30-2024"]
[Site "Chess.com"]
[Date "2024.01.30"]
[Round "7"]
[White "lularobs"]
[Black "yuriydovzik"]
[Result "0-1"]
[WhiteElo "1569"]
[BlackElo "2209"]
[TimeControl "180+1"]
[EndTime "9:18:42 PST"]
[Termination "yuriydovzik won by checkmate"]

1. e4 a6 2. d4 b5 3. Nf3 e6 4. Bd3 Bb7 5. O-O Nf6 6. Re1 d5 7.
e5 Nfd7 8. a4 bxa4 9. Nbd2 c5 10. c3 Be7 11. Nf1 a3 12. bxa3 O-O 13. Rb1 Bc6 14.
Ng3 Bb5 15. Be3 Bxd3 16. Qxd3 Nc6 17. h4 Rb8 18. h5 Qa5 19. Bg5 Rxb1 20. Rxb1 Rb8 21.
Rxb8+ Ndxb8 22. Bxe7 Nxe7 23. Ng5 g6 24. hxg6 hxg6 25.
dxc5 Qxc5 26. Qf3 Nf5 27. Nxf5 exf5 28. Nh3 Nd7 29. Qd3 Nxe5 30. Qxa6 Qxc3 31. Qa8+ Kg7 32.
Qxd5 Ng4 33. f3 Qe1# 0-1

[Event "Early-Titled-Tuesday-Blitz-January-30-2024"]
[Site "Chess.com"]
[Date "2024.01.30"]
[Round "7"]
[White "AlmasRakhmatullaev"]
[Black "1977Ivan"]
[Result "1-0"]
[WhiteElo "2961"]
[BlackElo "2810"]
[TimeControl "180+1"]
[EndTime "9:18:43 PST"]
[Termination "AlmasRakhmatullaev won by resignation"]

1. e4 e5 2. Nf3 Nc6 3. Bc4 d6 4. d4 Nf6 5. dxe5 dxe5 6. Qxd8+ Nxd8 7. Nxe5 Nxe4 8. O-O Be6 9. Re1 Nd6 10. Bxe6 Nxe6 11.
Nc3 c6 12. Be3 Be7 13. Rad1 O-O 14. f4 Rfe8 15. g3 h5 16. Bf2 Nf5 17. Rd7 Bc5 18. Rxb7 f6 19. Nxc6 Bxf2+ 20. Kxf2 Ned4 21. Rxe8+ Rxe8 22. Nxd4 Nxd4 23. Rxa7 Nxc2 24. a4 Rd8 25. a5 Rd2+ 26.
Kf3 Ne1+ 27. Ke3 Rxb2 28. a6 Nc2+ 29. Kd3 Nb4+ 30. Kc4 Nc6 31. Rc7 Na5+ 32. Kd3 Rb8 33. a7 Rd8+ 34. Kc2 Kh7 35. Na4 1-0

[Event "Early-Titled-Tuesday-Blitz-January-30-2024"]
[Site "Chess.com"]
[Date "2024.01.30"]
[Round "7"]
[White "Muslim_player_05"]
[Black "kingofthenil"]
[Result "0-1"]
[WhiteElo "2500"]
[BlackElo "2664"]
[TimeControl "180+1"]
[EndTime "9:18:43 PST"]
[Termination "kingofthenil won on time"]

1. d4 Nf6 2. c4 g6 3. Nc3 Bg7 4.
e4 Nc6 5. Be3 e5 6. d5 Nd4 7.
Nge2 Ng4 8. Bxd4 exd4 9. Nxd4 h5 10. h3 Ne5 11. g3 h4 12. f4 hxg3 13. fxe5 Bxe5 14. Nf3 Qf6 15. Bg2 d6 16. Qc2 Bxh3 17. Nxe5 Bxg2 18. Rxh8+ Qxh8 19. Qxg2 Qxe5 0-1

[Event "Early-Titled-Tuesday-Blitz-January-30-2024"]
[Site "Chess.com"]
[Date "2024.01.30"]
[Round "7"]
[White "FlemingA"]
[Black "JoachimBN"]
[Result "0-1"]
[WhiteElo "2454"]
[BlackElo "2598"]
[TimeControl "180+1"]
[EndTime "9:18:44 PST"]
[Termination "JoachimBN won by checkmate"]

1. e4 c5 2. Nf3 g6 3. d4 cxd4 4.
Qxd4 Nf6 5. Nc3 Nc6 6. Qa4 d6 7. e5 dxe5 8. Nxe5 Bg7 9. Nxc6 bxc6 10. Bd3 O-O 11. O-O Qc7 12. h3 Nd5 13. Ne4 a5 14. Ng5 h6 15. Nf3 e5 16. Qh4 f5 17.
Bc4 e4 18. Nd2 Be6 19. Nb3 g5 20. Qh5 Bf7 21. Qe2 a4 22. Nc5 a3 23. Rb1 Qe7 24.
Nb3 axb2 25. Bxb2 Bxb2 26. Rxb2 Qe5 27. Rbb1 Nc3 28. Bxf7+ Rxf7 29. Qc4 Nxb1 30. Rxb1 Kg7 31. Qxc6 Re8 32. Nc5 e3 33. fxe3 Qxe3+ 34. Kh1 Ree7 35.
a4 f4 36. Rb6 Qe1+ 37. Kh2 Qg3+ 38. Kg1 Re1# 0-1

[Event "Early-Titled-Tuesday-Blitz-January-30-2024"]
[Site "Chess.com"]
[Date "2024.01.30"]
[Round "7"]
[White "lilylg"]
[Black "publicaccountcze"]
[Result "1-0"]
[WhiteElo "2160"]
[BlackElo "2272"]
[TimeControl "180+1"]
[EndTime "9:18:44 PST"]
[Termination "lilylg won by checkmate"]

1. d4 Nf6 2. c4 g6 3. d5 Bg7 4. Nc3 O-O 5. e4 d6 6. h3 c6 7. Nf3 e6 8. Be2 exd5 9. exd5 cxd5 10. cxd5 Nbd7 11. O-O Ne5 12. Bf4 Re8 13. Bb5 Bd7 14. Re1 Nxf3+ 15. Qxf3 a6 16. Rxe8+ Bxe8 17. Bxe8 Nxe8 18.
Re1 Rc8 19. Ne4 Qa5 20. Nc3 Qb6 21. Re7 Qxb2 22. Be5 Bxe5 23. Qxf7+ Kh8 24. Qxh7# 1-0

[Event "Early-Titled-Tuesday-Blitz-January-30-2024"]
[Site "Chess.com"]
[Date "2024.01.30"]
[Round "7"]
[White "GoValya"]
[Black "whitemirrorninja"]
[Result "1-0"]
[WhiteElo "2324"]
[BlackElo "2467"]
[TimeControl "180+1"]
[EndTime "9:18:45 PST"]
[Termination "GoValya won by resignation"]

1. d4 g6 2. g3 Bg7 3. Bg2 f5 4.
c4 Nf6 5. Nc3 O-O 6. Nh3 d6 7.
Qb3 c6 8. O-O Nbd7 9. Ng5 Nb8 10. e4 h6 11. c5+ d5 12. exd5 cxd5 13. Nxd5 Kh8 14. Nh3 Nc6 15. Nhf4 Kh7 16. Be3 Ne4 17. Rad1 g5 18. Nh5 Be6 19. Ndf6+ Nxf6 20. Nxf6+ Rxf6 21. d5 Bf7 22. Qxb7 Rb8 23. dxc6 Rxb7 24. Rxd8 Rc7 25. Rfd1 Rfxc6 26. Bxc6 Rxc6 27. R8d7 Bh5 28. R1d2 f4 29. gxf4 gxf4 30. Bxf4 Rxc5 31. R2d5 Rc4 32. Rxh5 Rxf4 33. Rxe7 Kg6 34. Rd5 Bd4 35. Re2 Bb6 36. Rd6+ Kg5 37. Kg2 Rf5 38. h3 h5 39. a3 h4 40. Red2 Kf4 41. Re2 Rg5+ 42. Kf1 Kf3 43. Rf6+ 1-0

[Event "Early-Titled-Tuesday-Blitz-January-30-2024"]
[Site "Chess.com"]
[Date "2024.01.30"]
[Round "7"]
[White "Iuckyducky"]
[Black "C_K_G"]
[Result "0-1"]
[WhiteElo "2330"]
[BlackElo "2152"]
[TimeControl "180+1"]
[EndTime "9:18:45 PST"]
[Termination "C_K_G won on time"]

1. d4 d5 2. c4 e6 3. Nc3 Nf6 4. e3 c6 5. Bd3 Nbd7 6. Nge2 Bd6 7. b3 O-O 8. O-O e5 9. Bf5 e4 10. Ng3 Re8 11. a4 Nf8 12. Ba3 Bxg3 13.
Bxc8 Bxh2+ 14. Kxh2 Qxc8 15. cxd5 cxd5 16. Nb5 Qf5 17. f3 Ne6 18. Kg1 Qg5 19. Qe2 exf3 20. Qxf3 Qg6 21. Nd6 Ng5 22. Qg3 Nfe4 23. Qg4 Re6 24.
Nf5 Rae8 25. Nh4 Qh6 26. Nf5 Qg6 27. Nh4 Nf6 28. Qg3 Qh5 29. Rf5 h6 30. Re1 Nfe4 31.
Qh2 Nd2 0-1

[Event "Early-Titled-Tuesday-Blitz-January-30-2024"]
[Site "Chess.com"]
[Date "2024.01.30"]
[Round "7"]
[White "DonJuanEGenaro"]
[Black "Zq1"]
[Result "0-1"]
[WhiteElo "2003"]
[BlackElo "2513"]
[TimeControl "180+1"]
[EndTime "9:18:46 PST"]
[Termination "Zq1 won on time"]

1. c4 c5 2. Nc3 b6 3. Nf3 Bb7 4. e3 Nf6 5. d4 cxd4 6. exd4 e6 7. Bd3 Be7 8. h4 d5 9. b3 O-O 10. Bg5 h6 11. Bf4 Nc6 12. Qd2 dxc4 13. bxc4 Bb4 14. a3 Ba5 15. Rc1 Kh8 16. Bxh6 Nxd4 17. Bxg7+ Kxg7 18. Qg5+ Kh8 19. Qh6+ Kg8 20. Rh3 Nxf3+ 21.
gxf3 Qxd3 22. Rg3+ Qg6 23. Rxg6+ fxg6 24. Qxg6+ Kh8 25. Ke2 Nh7 26. Qh5 Bxf3+ 27. Qxf3 Rxf3 28. Kxf3 Bxc3 29. Rxc3 Rc8 30. Ke4 Kg7 31. Ke5 Kf7 32. Kd6 Nf6 33. f3 Rc5 34. Re3 Ne8+ 35. Kd7 Rxc4 36. h5 Nf6+ 37. Kd6 Rd4+ 38. Kc6 Nxh5 39.
Kb7 Ra4 40. Rc3 Nf6 41. Kc6 Nd5 0-1

[Event "Early-Titled-Tuesday-Blitz-January-30-2024"]
[Site "Chess.com"]
[Date "2024.01.30"]
[Round "7"]
[White "AnaKuchava"]
[Black "topalovkramnik"]
[Result "0-1"]
[WhiteElo "2211"]
[BlackElo "2441"]
[TimeControl "180+1"]
[EndTime "9:18:46 PST"]
[Termination "topalovkramnik won on time"]

1. d4 d5 2. Nf3 Nf6 3. c4 e6 4.
Nc3 Bb4 5. Qa4+ Nc6 6. e3 O-O 7. Bd3 Re8 8. O-O h6 9. a3 Bf8 10. Qc2 a6 11. b4 e5 12. cxd5 exd4 13. dxc6 dxc3 14. Qxc3 Qd5 15. Rd1 Qxc6 16. Qxc6 bxc6 17. Bb2 Bd6 18. Rac1 a5 19. Rxc6 axb4 20. axb4 Bd7 21.
Rcc1 Reb8 22. Bc3 Ra3 23. Be1 Ba4 24. Bc2 Bxc2 25. Rxc2 Bxb4 26. Bxb4 Rxb4 27. Rxc7 Ra2 28. Rf1 Rbb2 29. Ne5 Nd5 30. Rxf7 Nxe3 0-1

[Event "Early-Titled-Tuesday-Blitz-January-30-2024"]
[Site "Chess.com"]
[Date "2024.01.30"]
[Round "7"]
[White "NastyaHn"]
[Black "aksuliini1"]
[Result "1-0"]
[WhiteElo "2386"]
[BlackElo "2517"]
[TimeControl "180+1"]
[EndTime "9:18:47 PST"]
[Termination "NastyaHn won by resignation"]

1. Nc3 c5 2. Nf3 Nc6 3. d4 cxd4 4. Nxd4 g6 5. Nxc6 bxc6 6. Qd4 f6 7. e4 Bg7 8. Bc4 e6 9. Be3 Ne7 10. O-O-O d5 11. exd5 cxd5 12. Bb3 O-O 13. Qd2 Bb7 14. Kb1 Qd6 15. h4 h5 16. Rhg1 Nf5 17. g4 Nxh4 18. Qe2 g5 19. Ne4 Qe5 20. Nc5 Bc6 21. Nd3 Qe4 22. Nc5 Qf3 23. Qa6 Rac8 24. Nxe6 Rfe8 25. Nd4 Qe4 26. Nxc6 Nf3 27. Bxd5+ Qxd5 28. Rxd5 Nxg1 29. Ne7+ 1-0

[Event "Early-Titled-Tuesday-Blitz-January-30-2024"]
[Site "Chess.com"]
[Date "2024.01.30"]
[Round "7"]
[White "Yurasova_Daria"]
[Black "HanSchut"]
[Result "1-0"]
[WhiteElo "2444"]
[BlackElo "2259"]
[TimeControl "180+1"]
[EndTime "9:18:47 PST"]
[Termination "Yurasova_Daria won by checkmate"]

1. d4 Nf6 2. Bg5 g6 3. Bxf6 exf6 4. e3 d5 5. g3 Bd6 6. Bg2 c6 7. Nd2 O-O 8. Ne2 Re8 9. O-O Bg4 10. c4 dxc4 11. Nxc4 Bc7 12. Qc2 Bxe2 13. Qxe2 Qxd4 14. Rfd1 Qc5 15. b4 Qe7 16. b5 a6 17. b6 Be5 18.
Rac1 f5 19. Qd3 a5 20. h4 a4 21. Qe2 Nd7 22. f4 Bf6 23. Nd6 Qxe3+ 24. Qxe3 Rxe3 25. Nxb7 Nxb6 26. Rxc6 Rb8 27. Rxb6 Be7 28. Rc6 Kg7 29. Rc7 Bf8 30. Rdd7 h5 31. Rxf7+ Kg8 32. Bd5 Rxg3+ 33. Kh2 Rd3 34. Rg7+ Kh8 35. Rh7# 1-0

[Event "Early-Titled-Tuesday-Blitz-January-30-2024"]
[Site "Chess.com"]
[Date "2024.01.30"]
[Round "7"]
[White "ChessLebaneseSalah"]
[Black "Practical-Play"]
[Result "0-1"]
[WhiteElo "2457"]
[BlackElo "2601"]
[TimeControl "180+1"]
[EndTime "9:18:50 PST"]
[Termination "Practical-Play won on time"]

1. e4 d5 2. exd5 Nf6 3. Nf3 Qxd5 4. d4 Bg4 5. Be2 Nc6 6. c4 Qh5 7. d5 O-O-O 8. Nc3 e6 9. Qb3 exd5 10. cxd5 Nxd5 11.
Bd2 Bxf3 12. Bxf3 Qe5+ 13. Kd1 Nd4 14. Qc4 Nxf3 15. gxf3 Bb4 16. Kc2 Ba5 17. Rhe1 Qf5+ 18. Qe4 Nb4+ 19. Kd1 Qd7 20. Re2 Rhe8 21. Qc4 Nd3 22.
Rxe8 Nxb2+ 23. Ke2 Nxc4 24. Rxd8+ Qxd8 25. Ne4 Bxd2 26. Rd1 Qe7 27. Kd3 Nb2+ 28. Kxd2 Qd7+ 29. Kc3 Nxd1+ 30. Kc4 b5+ 31. Kb4 Qd4+ 32. Kb3 f5 0-1

[Event "Early-Titled-Tuesday-Blitz-January-30-2024"]
[Site "Chess.com"]
[Date "2024.01.30"]
[Round "7"]
[White "frequentblunders"]
[Black "guillembaches"]
[Result "1/2-1/2"]
[WhiteElo "2190"]
[BlackElo "2546"]
[TimeControl "180+1"]
[EndTime "9:18:50 PST"]
[Termination "Game drawn by repetition"]

1. d3 d5 2. f4 g6 3. Nf3 Bg7 4. g3 Nh6 5. Bg2 O-O 6. O-O d4 7. Nbd2 Nf5 8. Nc4 Be6 9. e4 dxe3 10.
Nxe3 Nxe3 11. Bxe3 Nc6 12. c3 Qd6 13. Qe2 Rad8 14. Rfd1 Bd5 15. d4 b6 16. Ne5 Bxg2 17. Qxg2 Nxe5 18. fxe5 Qd5 19. Qxd5 Rxd5 20. Kf2 f6 21.
exf6 Rxf6+ 22. Ke2 e5 23. c4 Rd7 24. dxe5 Rxd1 25.
Rxd1 Re6 26. Rd8+ Kf7 27. Rd7+ Re7 28. Rxe7+ Kxe7 29. Bf4 Ke6 30. Ke3 Bxe5 31. Bxe5 Kxe5 32. b4 c5 33. bxc5 bxc5 34. a4 a5 35. Kd3 h5 36.
h4 Kf5 37. Ke3 Ke5 38. Kd3 Kf5 39. Ke3 Ke5 40. Kd3 1/2-1/2

[Event "Early-Titled-Tuesday-Blitz-January-30-2024"]
[Site "Chess.com"]
[Date "2024.01.30"]
[Round "7"]
[White "vesalhamedinia"]
[Black "IngOscarArdila"]
[Result "0-1"]
[WhiteElo "2474"]
[BlackElo "2336"]
[TimeControl "180+1"]
[EndTime "9:18:50 PST"]
[Termination "IngOscarArdila won on time"]

1. d4 Nf6 2. c4 e6 3. Nf3 Bb4+ 4. Nbd2 O-O 5. a3 Bxd2+ 6. Qxd2 d5 7. e3 Ne4 8. Qc2 f5 9. b4 Nd7 10. Bb2 c6 11. Bd3 Ndf6 12. Ne5 Bd7 13. O-O Be8 14. b5 cxb5 15. cxb5 Rc8 16. Qe2 Nc3 17. Bxc3 Rxc3 18. Rfc1 Qc7 19. Qb2 Rxc1+ 20. Rxc1 Qa5 21.
h3 Ne4 22. Qb4 Qxb4 23. axb4 Nd6 24. Rc7 Bxb5 25. Bxb5 Nxb5 26. Rxb7 Nc3 27. Rxa7 Rb8 28. Re7 Kf8 29. Rxe6 Rxb4 30. Rc6 Rb1+ 31. Kh2 Ne4 32.
f3 Nf6 0-1

[Event "Early-Titled-Tuesday-Blitz-January-30-2024"]
[Site "Chess.com"]
[Date "2024.01.30"]
[Round "7"]
[White "Matibar"]
[Black "sergoy"]
[Result "1-0"]
[WhiteElo "2822"]
[BlackElo "2961"]
[TimeControl "180+1"]
[EndTime "9:18:51 PST"]
[Termination "Matibar won by checkmate"]

1. e4 c5 2. Nf3 d6 3. c3 Nf6 4. Be2 g6 5. Qc2 Bg7 6. d4 O-O 7. dxc5 dxc5 8. Be3 b6 9. h3 Bb7 10. Nbd2 Nbd7 11. O-O Qc7 12. a4 a6 13. Rfe1 Ne5 14.
Nxe5 Qxe5 15. Bf3 Qc7 16. Bg5 Rfe8 17. e5 Nd5 18. e6 f6 19. Bh4 Nf4 20. Bg3 Bh6 21.
Bxb7 Qxb7 22. Bxf4 Bxf4 23. Nf3 Rad8 24. Re4 g5 25. h4 h6 26. Rxf4 gxf4 27. Qg6+ Kh8 28.
Qxh6+ Kg8 29. Qg6+ Kh8 30. Re1 Qd5 31. Re5 Qxe5 32.
Nxe5 fxe5 33. Qh5+ Kg8 34. Qxe5 Rd6 35. Qg5+ Kh8 36. Qh5+ Kg7 37. Qf7+ Kh6 38. Qxe8 Rxe6 39. Kh2 Re2 40. f3 e5 41. h5 Kg5 42. Qg6+ Kh4 43. Qg4# 1-0

[Event "Early-Titled-Tuesday-Blitz-January-30-2024"]
[Site "Chess.com"]
[Date "2024.01.30"]
[Round "7"]
[White "Hongjin"]
[Black "Chernobay_Artem"]
[Result "0-1"]
[WhiteElo "2797"]
[BlackElo "2650"]
[TimeControl "180+1"]
[EndTime "9:18:52 PST"]
[Termination "Chernobay_Artem won by resignation"]

1. e4 e6 2. d4 d5 3. exd5 exd5 4. Nf3 Nf6 5. Bd3 Bd6 6. O-O O-O 7. c4 dxc4 8. Bxc4 Nc6 9. h3 Bf5 10. Nc3 a6 11.
Re1 Re8 12. Bg5 Rxe1+ 13. Qxe1 h6 14. Be3 Ne4 15. Qe2 Qf6 16. Re1 Re8 17. Nd5 Qd8 18.
Qd1 Bf8 19. Nc3 Nd6 20. Bd5 Nb4 21. Bxf7+ Nxf7 22. Qb3 Be6 23. Qd1 Nxa2 24. Ne4 Nb4 25. Ng3 Qd7 26. Qd2 Nd5 27. Nh5 Bb4 28. Qd3 Bf5 29.
Qb3 Bxe1 30. Nxe1 Nxe3 31. fxe3 Qe6 32. Qxe6 Rxe6 33. Kf2 Rb6 34. Nf4 Rxb2+ 35. Kg3 Nd6 36. Nf3 Ne4+ 37. Kh2 a5 38. Nd5 Nd6 39. Nxc7 a4 40.
Ne5 a3 0-1

[Event "Early-Titled-Tuesday-Blitz-January-30-2024"]
[Site "Chess.com"]
[Date "2024.01.30"]
[Round "7"]
[White "JeFumeDesClopes"]
[Black "Pliukha_Mikhail"]
[Result "1-0"]
[WhiteElo "2585"]
[BlackElo "2754"]
[TimeControl "180+1"]
[EndTime "9:18:52 PST"]
[Termination "JeFumeDesClopes won by checkmate"]

1. Nf3 Nf6 2. g3 e6 3. Bg2 b6 4.
O-O Bb7 5. d3 Be7 6. e4 d5 7. e5 Nfd7 8. d4 c5 9. c3 Nc6 10. h4 Qc7 11. a3 a5 12. a4 cxd4 13.
cxd4 Ba6 14. Re1 Nb4 15. Nc3 Nd3 16. Re3 Nxc1 17. Rxc1 Qb7 18. Ng5 h6 19. Nxd5 exd5 20.
Nxf7 O-O 21. Nxh6+ gxh6 22. Qg4+ Kh8 23. Qe6 Nf6 24.
exf6 Bxf6 25. Bxd5 Qg7 26. Bxa8 Bxd4 27. Rc7 Bxe3 28.
Rxg7 Bxf2+ 29. Kg2 Kxg7 30. Be4 Bc5 31. Qg6+ Kh8 32.
Qh7# 1-0

[Event "Early-Titled-Tuesday-Blitz-January-30-2024"]
[Site "Chess.com"]
[Date "2024.01.30"]
[Round "7"]
[White "aghasiyevkamal"]
[Black "amanjazu"]
[Result "1-0"]
[WhiteElo "2596"]
[BlackElo "2426"]
[TimeControl "180+1"]
[EndTime "9:18:52 PST"]
[Termination "aghasiyevkamal won on time"]

1. d4 Nf6 2. c4 g6 3. Nc3 Bg7 4. e4 d6 5. Be2 O-O 6. Bg5 c5 7. d5 h6 8. Bf4 a6 9. a4 Ne8 10.
Qd2 Kh7 11. Nf3 Bg4 12. h3 Bxf3 13. Bxf3 Nd7 14. Be2 Nc7 15. O-O Rb8 16. Be3 b6 17. f4 Qc8 18. e5 dxe5 19. f5 g5 20. h4 f6 21. Ne4 Qb7 22. Bh5 b5 23. Bg6+ Kg8 24.
hxg5 fxg5 25. b3 bxc4 26. bxc4 Nf6 27. Nxc5 Qb4 28. Qe2 Qb2 29. Qd3 e4 30. Nxe4 Rb3 31. Nxf6+ Bxf6 32. Bc1 Qd4+ 33. Qxd4 Bxd4+ 34. Kh1 Bxa1 35. Bd2 Bd4 36. Ba5 Ne8 37. Re1 Nd6 38. Rxe7 Nxc4 39. Bc7 Rb1+ 40. Kh2 Bg1+ 41. Kh3 Rb3+ 42. Kg4 Ne3+ 43.
Kh5 Nxd5 44. Bh7+ Kh8 45. Be5+ Rf6 46. Bg6 Bc5 47. Rd7 Nf4+ 48. Kxh6 Nxg6 49. Bxf6+ 1-0

[Event "Early-Titled-Tuesday-Blitz-January-30-2024"]
[Site "Chess.com"]
[Date "2024.01.30"]
[Round "7"]
[White "HeroWilczek"]
[Black "ejalmedina"]
[Result "0-1"]
[WhiteElo "2458"]
[BlackElo "2313"]
[TimeControl "180+1"]
[EndTime "9:18:52 PST"]
[Termination "ejalmedina won by resignation"]

1. e4 c6 2. d4 d5 3. e5 Bf5 4.
h4 h5 5. Bd3 Bxd3 6. Qxd3 e6 7.
Nf3 Ne7 8. O-O Nf5 9. g3 Qb6 10. c4 Nd7 11. Nc3 Qa6 12. b3 Nb6 13. Nd2 O-O-O 14. Bb2 dxc4 15. bxc4 Rxd4 16. Qc2 Nxc4 17. Nb3 Rd8 18. Ne4 Nxb2 19. Qxb2 Be7 20. a4 Rd5 21. Rfc1 Rhd8 22. a5 Rb5 23. Qc3 Rdd5 24. Rd1 Rxe5 25. Ned2 Red5 26. Nc4 Bf6 27. Qf3 Bxa1 28.
Rxa1 Rb4 29. Ncd2 g6 30. Rc1 Qd3 31. Qg2 Rxb3 32. Nxb3 Qxb3 33. Qe4 Qd3 34. Qf4 a6 35. Qb4 Qd2 36. Rb1 Qxb4 0-1

[Event "Early-Titled-Tuesday-Blitz-January-30-2024"]
[Site "Chess.com"]
[Date "2024.01.30"]
[Round "7"]
[White "Luklei18"]
[Black "MBA_CHESS_2021"]
[Result "0-1"]
[WhiteElo "2380"]
[BlackElo "2255"]
[TimeControl "180+1"]
[EndTime "9:18:52 PST"]
[Termination "MBA_CHESS_2021 won on time"]

1. d4 d5 2. Nc3 c6 3. Bf4 Nf6 4.
e3 Bf5 5. Bd3 Bg6 6. Nf3 e6 7. Ne5 Nbd7 8. h4 Nxe5 9. dxe5 Nd7 10.
h5 Bxd3 11. cxd3 h6 12. d4 Be7 13. Qg4 Kf8 14. Rh3 f5 15. Qg6 Qe8 16. Qxe6 Nb6 17. Qxf5+ Qf7 18. Qc2 Qe6 19. O-O-O Ke8 20. Kb1 Kd7 21. Rg3 Qf7 22. Rg6 Ke8 23. e6 Qf8 24.
Be5 Rg8 25. e4 Rd8 26. exd5 Nxd5 27. Nxd5 Rxd5 28. Rd3 Qf5 29. g4 Qe4 30. f3 Qe1+ 31. Rd1 Qe3 32. Qe4 Qf2 33. Bxg7 Rb5 34. Qc2 Qxf3 35.
Bxh6 Rh8 36. Bg7 Rg8 37. h6 Ba3 38. h7 Rxb2+ 39. Qxb2 Qxd1+ 0-1

[Event "Early-Titled-Tuesday-Blitz-January-30-2024"]
[Site "Chess.com"]
[Date "2024.01.30"]
[Round "7"]
[White "Iball95"]
[Black "hakanazeri2"]
[Result "1-0"]
[WhiteElo "2789"]
[BlackElo "2607"]
[TimeControl "180+1"]
[EndTime "9:18:53 PST"]
[Termination "Iball95 won by resignation"]

1. e4 c5 2. Nf3 d6 3. Nc3 Nf6 4. d4 cxd4 5. Qxd4 Nc6 6. Bb5 Bd7 7. Bxc6 Bxc6 8. Bg5 e6 9. O-O-O Be7 10. Rhe1 Qc7 11. e5 dxe5 12. Nxe5 O-O 13. Qc4 Rac8 14. Nxc6 Qxc6 15.
Qxc6 Rxc6 16. Ne4 Rfc8 17. Re2 R6c7 18. Nxf6+ Bxf6 19. Bxf6 gxf6 20. Rd3 f5 21. c3 Kg7 22. Kc2 Kf6 23. Rh3 b5 24. Rxh7 b4 25. Rh6+ Kg5 26.
Rh3 bxc3 27. Rxc3 Rxc3+ 28. bxc3 Rh8 29. h3 f4 30. Kd3 f3 31. gxf3 Rxh3 32. Ke3 Rh4 33.
Rc2 Rc4 34. Kd3 Rc6 35. c4 Kf4 36. Ke2 Rc5 37. Rc3 e5 38. Kd2 f5 39. Kc2 a5 40.
Kd2 Kg5 41. Ke3 Kh4 42. f4 Kg4 43.
fxe5 Rxe5+ 44. Kd4 Re2 45. f3+ Kf4 46. a3 Rd2+ 47. Kc5 Ke5 48. Re3+ Kf4 49. Rb3 Ke5 50. Kb5 Rc2 51. Rd3 f4 52. c5 Re2 53. c6 Re3 54. Rxe3+ fxe3 55. c7 1-0

[Event "Early-Titled-Tuesday-Blitz-January-30-2024"]
[Site "Chess.com"]
[Date "2024.01.30"]
[Round "7"]
[White "FREDERICKtheMATE"]
[Black "Hovik_Hayrapetyan"]
[Result "1/2-1/2"]
[WhiteElo "2588"]
[BlackElo "2775"]
[TimeControl "180+1"]
[EndTime "9:18:53 PST"]
[Termination "Game drawn by repetition"]

1. d4 Nf6 2. c4 e6 3. Nf3 d5 4.
Nc3 Bb4 5. Qa4+ Nc6 6. e3 O-O 7. Bd2 dxc4 8. Bxc4 Bd6 9. Qc2 e5 10. dxe5 Nxe5 11. Nxe5 Bxe5 12. f4 Bxc3 13. Bxc3 Ng4 14. Bd4 c5 15. Bxc5 Re8 16. O-O Nxe3 17. Bxe3 Rxe3 18.
Qf2 Qb6 19. Rae1 Rxe1 20. Rxe1 Qxf2+ 21. Kxf2 Kf8 22. Bd5 Bd7 23. Rc1 Rc8 24. Rxc8+ Bxc8 25. Ke3 Ke7 26. Kd4 b6 27. a3 f6 28. b4 Kd6 29. Be4 h6 30. Bg6 Bb7 31. g3 Bf3 32. h4 Bg4 33. Be4 Bd7 34. Bd3 Be8 35. Be4 Bb5 36.
Bc2 Ke6 37. Bg6 Bf1 38. Be4 Bh3 39. Bd3 Bf5 40. Bc4+ Kd6 41. Be2 Bb1 42. Bc4 Bc2 43. Be2 Bb3 44. Bf3 Bg8 45. Be4 Be6 46. Bd3 Bd5 47. Bf5 Bf3 48. Bd3 Ke6 49. Bc2 Bg4 50. Bd3 Bh3 51. Bc2 g5 52. hxg5 fxg5 53. fxg5 hxg5 54.
Bd3 Bg2 55. Bc2 Kf6 56. Bd3 Ke6 57. Bc2 Bf1 58. Be4 Be2 59. Bc2 Bb5 60. Be4 Ba4 61.
Bd3 Bc6 62. Bc2 Be8 63. Bd3 Bc6 64. Bc2 Be8 65. Bb1 Bc6 66. Bg6 Bd7 67. Be4 Ba4 68. Bd3 Bc6 1/2-1/2

[Event "Early-Titled-Tuesday-Blitz-January-30-2024"]
[Site "Chess.com"]
[Date "2024.01.30"]
[Round "7"]
[White "AradNazari"]
[Black "Noki102"]
[Result "1/2-1/2"]
[WhiteElo "2680"]
[BlackElo "2503"]
[TimeControl "180+1"]
[EndTime "9:18:53 PST"]
[Termination "Game drawn by repetition"]

1. e4 e5 2. f4 exf4 3. Nf3 Be7 4. d4 Bh4+ 5. Ke2 d5 6. e5 c5 7. Bxf4 Nc6 8. c3 Bg4 9. h3 Bxf3+ 10. Kxf3 Nh6 11. Bb5 O-O 12. Bxc6 bxc6 13. g3 Bg5 14.
Qd3 f6 15. Bxg5 fxg5+ 16. Kg2 Qb6 17. b3 cxd4 18. cxd4 Nf5 19. Rd1 c5 20. Nc3 cxd4 21. Nxd5 Qb7 22. Qe4 Ne3+ 23. Kh2 Qxd5 24. Rxd4 Rf2+ 25.
Kg1 Qxe4 26. Rxe4 Re2 27. e6 Kf8 28. e7+ Ke8 29. Rc1 g4 30. hxg4 Rg2+ 31. Kh1 Rxg3 32.
Rc3 Rh3+ 33. Kg1 Rg3+ 34. Kh1 Rh3+ 35. Kg1 Rg3+ 36. Kh1 1/2-1/2